 Dungeon Crawl Stone Soup version 0.21-a0-440-g28109cb (webtiles) character file.

1390 slep the Carver (level 8, 0/62 HPs)
             Began as a Barachi Gladiator on Nov 11, 2017.
             Was a Believer of Qazlal.
             Succumbed to a killer bee's poison
             ... on level 7 of the Dungeon.
             The game lasted 00:25:28 (4407 turns).

slep the Carver (Barachi Gladiator)                 Turns: 4407, Time: 00:25:29

Health: 0/62       AC:  8    Str: 12 (15) XL:     8   Next: 68%
Magic:  8/8        EV: 13    Int:  9 (10) God:    Qazlal [**....]
Gold:   364        SH:  3    Dex: 15 (17) Spells: 7/7 levels left

rFire    . . .     SeeInvis .   h - +3 mace
rCold    . . .     Gourm    .   (no shield)
rNeg     . . .     Faith    +   q - +0 ring mail
rPois    .         Spirit   .   (helmet restricted)
rElec    .         Reflect  .   (no cloak)
rCorr    .         Harm     .   (no gloves)
MR       .....                  (no boots)
Stlth    +.........             t - amulet of faith
HPRegen  0.20/turn              (no ring)
MPRegen  0.11/turn              (no ring)

@: lethally poisoned (0 -> -31), slow
A: +LOS, swims, horns 1, icy blue scales 1, clever 1, slowness 1, strong legs 1
a: Hop, Upheaval, Renounce Religion


You were on level 7 of the Dungeon.
You worshipped Qazlal.
Qazlal was pleased with you.
You were hungry.

You visited 1 branch of the dungeon, and saw 7 of its levels.

You collected 364 gold pieces.

Inventory:

Hand Weapons
 a - a +0 long sword
 g - a cursed -3 whip
 h - a +3 mace (weapon)
 D - a cursed -2 club
Missiles
 d - 3 throwing nets (quivered)
 x - 6 tomahawks
Armour
 b - a +0 leather armour
 c - a +0 helmet
 i - a +1 animal skin
 q - a +0 ring mail (worn)
 z - a +0 helmet
Jewellery
 t - an amulet of faith (around neck)
Wands
 C - a wand of lightning (5/15)
Scrolls
 j - a scroll of fear {unknown}
 n - 6 scrolls of remove curse {unknown}
 p - 6 scrolls of identify {unknown}
 r - 2 scrolls of enchant weapon {unknown}
 s - 2 scrolls of amnesia {unknown}
 u - 2 scrolls of fog {unknown}
 v - 2 scrolls of magic mapping {unknown}
 y - 2 scrolls of recharging {unknown}
 A - 2 scrolls of teleportation {unknown}
 B - a scroll of enchant armour {unknown}
Potions
 e - a potion of agility
 l - a potion of degeneration
 w - a potion of mutation
 F - a potion of brilliance {unknown}
Comestibles
 f - 3 bread rations
 k - 3 royal jellies
 m - 7 meat rations
 o - 4 fruits


   Skills:
 + Level 5.3 Fighting
 + Level 8.8 Long Blades
 + Level 3.8 Maces & Flails
 + Level 2.1 Throwing
 + Level 4.9 Armour
 + Level 5.0 Dodging
 + Level 0.4 Stealth


You had 7 spell levels left.
You didn't know any spells.

Dungeon Overview and Level Annotations

Branches:
Dungeon (7/15)
 Temple: D:4-7

Altars:
Gozag
Qazlal
Vehumet
Xom
The Shining One


Innate Abilities, Weirdness & Mutations

Shadows flee at your approach. (+LOS)
You can swim through water.
You cover ground slowly.
You can hop short distances.
You have a pair of small horns on your head.
You are partially covered in icy blue scales. (AC +2)
Your mind is acute. (Int +2)


Message History

The killer bee stings you but does no damage.
The killer bee barely misses you.
It was a potion of degeneration.
There was something very wrong with that liquid.
You feel weakened.
You feel dopey.
You feel clumsy.
* * * LOW HITPOINT WARNING * * *
You feel sick. The killer bee stings you.
* * * LOW HITPOINT WARNING * * *
You are more poisoned.
The killer bee poisons you!
The killer bee is engulfed in blazing flames.
The killer bee barely misses you. x2
The killer bee is engulfed in blazing flames.
The killer bee completely misses you.
It was a potion of mutation.
You feel extremely strange.
Icy blue scales grow over part of your body.
A pair of horns grows on your head!
Your +0 helmet falls away!
You feel clever.
You die...

#.. .... #
#.######..####.
#.
#..............
#. #...#.y...#
#.##.....###.#
#.#...#.##
#####..#..#..###
............Fyy#
####..#..#..#@#
#..#...#.##.#
#.###....##.#
#.###..#.##.#
#......#.....
#..###.####.#
#..# #.# #.# #
#..# #.# #.#
#.####..# .# #.#


You could see a bullfrog and 2 killer bees.

Vanquished Creatures
  The ghost of cellescent the Ducker, an amateur MfWn of Trog (D:4)
  Eustachio (D:4)
  A water moccasin (D:6)
  A phantom (D:6)
  An ogre (D:5)
  A centaur (D:6)
  A killer bee (D:7)
  2 crimson imps
  A bullfrog zombie (D:6)
  2 orc priests (D:6)
  A hound (D:6)
  2 jellies (D:3)
  An orc wizard (D:3)
  A bullfrog skeleton (D:5)
  Terence (D:3)
  3 worker ants
  A worker ant zombie (D:5)
  Robin (D:4)
  4 adders
  2 shadow imps (D:6)
  8 oozes (D:3)
  An adder skeleton (D:5)
  4 worms
  4 dart slugs
  4 leopard geckos
  13 orcs
  5 giant cockroaches
  7 goblins
  15 hobgoblins
  3 jackals (D:3)
  12 kobolds
  4 quokkas
  A ball python (D:1)
  4 bats
  3 frilled lizards
  A jackal skeleton (D:6)
  A leopard gecko skeleton (D:5)
  8 rats
127 creatures vanquished.

Vanquished Creatures (others)
  A fungus (D:3)
  7 toadstools (D:3)
8 creatures vanquished.

Grand Total: 135 creatures vanquished

Notes
Turn   | Place    | Note
-------+----------+-------------------------------------------
     0 | D:1      | slep the Barachi Gladiator began the quest for the Orb.
     0 | D:1      | Reached XP level 1. HP: 17/17 MP: 1/1
   140 | D:1      | Reached skill level 4 in Long Blades
   140 | D:1      | Reached XP level 2. HP: 20/23 MP: 2/2
   677 | D:2      | Reached XP level 3. HP: 19/28 MP: 3/3
  1001 | D:2      | Reached skill level 5 in Long Blades
  1210 | D:2      | Found a faded altar of an unknown god.
  1372 | D:2      | Became a worshipper of Gozag Ym Sagoz the Greedy
  1412 | D:3      | Reached XP level 4. HP: 34/34 MP: 4/4
  1431 | D:3      | Reached skill level 1 in Armour
  1472 | D:3      | Noticed Terence
  1486 | D:3      | Killed Terence
  1561 | D:3      | Found a glowing golden altar of the Shining One.
  1561 | D:3      | Found a radiant altar of Vehumet.
  1577 | D:3      | Found a stormy altar of Qazlal.
  1593 | D:3      | Fell from the grace of Gozag
  1593 | D:3      | Became a worshipper of Qazlal Stormbringer
  1743 | D:3      | Reached XP level 5. HP: 28/40 MP: 5/5
  1851 | D:3      | Reached skill level 6 in Long Blades
  1856 | D:3      | Reached * piety under Qazlal
  2036 | D:3      | Reached XP level 6. HP: 31/47 MP: 6/6
  2170 | D:3      | Was forgiven by Gozag
  2360 | D:4      | Noticed Robin
  2397 | D:4      | Killed Robin
  2463 | D:4      | Found a shimmering altar of Xom.
  2463 | D:4      | Found a shimmering altar of Xom.
  2463 | D:4      | Found a shimmering altar of Xom.
  2464 | D:4      | Found a shimmering altar of Xom.
  2465 | D:4      | Found a shimmering altar of Xom.
  2502 | D:4      | Noticed Eustachio
  2504 | D:4      | Noticed cellescent's ghost (amateur MfWn)
  2538 | D:4      | Killed cellescent's ghost
  2538 | D:4      | Reached skill level 7 in Long Blades
  2538 | D:4      | Reached XP level 7. HP: 27/54 MP: 7/7
  2545 | D:4      | Killed Eustachio
  2545 | D:4      | Reached skill level 8 in Long Blades
  2879 | D:5      | Entered Level 5 of the Dungeon
  2935 | D:5      | Reached ** piety under Qazlal
  3579 | D:6      | Reached XP level 8. HP: 61/61 MP: 8/8
  3594 | D:6      | Reached skill level 1 in Maces & Flails
  3777 | D:6      | Reached skill level 5 in Fighting
  3960 | D:6      | Reached skill level 5 in Dodging
  4406 | D:7      | HP: 3/62 [killer bee (3)]
  4407 | D:7      | Gained mutation: You are partially covered in icy blue scales. (AC +2) [potion of mutation]
  4407 | D:7      | Gained mutation: You have a pair of small horns on your head. [potion of mutation]
  4407 | D:7      | Gained mutation: Your mind is acute. (Int +2) [potion of mutation]
  4407 | D:7      | Succumbed to a killer bee's poison

Vault maps used:
D:1:      dpeg_arrival_rhombi
D:2:      chequers_ecumenical_altar_lobes
D:3:      cheibrodos_fertilizer, gammafunk_temple_overflow_forgotten,
          kennysheep_generic_room_15, uniq_terence
D:4:      first_bread, xom_redecorated, uniq_robin, uniq_eustachio
D:7:      black_bear_nest_2, kennysheep_mini, minmay_temple_entry_grid,
          grunt_livestock

Skill      XL: |  1  2  3  4  5  6  7  8 |
---------------+-------------------------+-----
Long Blades    | 4 5 6 7 8 |  8.8
Armour         | 1 2 3 4 |  4.9
Fighting       | 3 4 5 |  5.3
Dodging        | 4 5 |  5.0
Maces & Flails | 3 |  3.8
Throwing       | |  2.1
Stealth        | |  0.4

Action                   |  1- 3 |  4- 6 |  7- 9 || total
-------------------------+-------+-------+-------++-------
Melee: Long sword        |    92 |   201 |     9 ||   302
       Mace              |       |       |   152 ||   152
  Use: Potion            |       |     5 |     2 ||     7
  Eat: Chunk             |     2 |     5 |     5 ||    12
       Fruit             |       |       |     2 ||     2
Armor: Leather armour    |     5 |       |       ||     5
       Ring mail         |    20 |    56 |    50 ||   126
Dodge: Dodged            |    57 |   140 |   137 ||   334
Block: Other             |       |     7 |    19 ||    26
       Rpst.: Long sword |    21 |    54 |     2 ||    77

Table legend:
 A = Spawn XP
 B = Non-spawn XP
 C = Spawn XP percentage of total XP
 D = Spawn monster count
 E = Non-spawn monster count
 F = Spawn count percentage of total count
 G = Total turns spent on level
                    A         B        C        D         E        F      G
               +---------+---------+-------+---------+---------+-------+---------
         Total |       0 |    1986 |   0.0 |       0 |     127 |   0.0 |  4407
               +---------+---------+-------+---------+---------+-------+---------
           D:1 |       0 |      31 |   0.0 |       0 |      18 |   0.0 |   651
           D:2 |       0 |      48 |   0.0 |       0 |      18 |   0.0 |   756
           D:3 |       0 |     293 |   0.0 |       0 |      44 |   0.0 |   896
           D:4 |       0 |     516 |   0.0 |       0 |      15 |   0.0 |   576
           D:5 |       0 |     307 |   0.0 |       0 |      10 |   0.0 |   678
           D:6 |       0 |     730 |   0.0 |       0 |      21 |   0.0 |   789
           D:7 |       0 |      61 |   0.0 |       0 |       1 |   0.0 |    61
               +---------+---------+-------+---------+---------+-------+---------
